 Dungeon Crawl Stone Soup version 0.29.1-1-gd02db6906a (webtiles) character file.

Game seed: 12018988718408083149

83 safid the Shooter (level 4, 0/40 HPs)
             Began as a Minotaur Hunter on Sept 24, 2022.
             Slain by a gnoll
             ... wielding a +0 whip
              (8 damage)
             ... on level 2 of the Dungeon.
             The game lasted 00:02:34 (1715 turns).

safid the Shooter (Minotaur Hunter)                 Turns: 1715, Time: 00:02:34

Health: 0/40       AC:  3    Str: 15    XL:     4   Next: 22%
Magic:  3/3        EV: 12    Int:  6    God:
Gold:   9          SH:  0    Dex: 16    Spells: 3/3 levels left

rFire   . . .      SeeInvis .   a - +0 shortbow
rCold   . . .      Faith    .   (shield currently unavailable)
rNeg    . . .      Spirit   .   c - +0 leather armour
rPois   .          Reflect  .   (helmet restricted)
rElec   .          Harm     .   (no cloak)
rCorr   .          Rampage  .   (no gloves)
Will    .....                   (no boots)
Stlth   +.........              (no amulet)
HPRegen 0.13/turn               (no ring)
MPRegen 0.08/turn               (no ring)

@: no status effects
A: horns 2, retaliatory headbutt
a: no special abilities


You were on level 2 of the Dungeon.
You visited 1 branch of the dungeon, and saw 2 of its levels.

You collected 74 gold pieces.
You spent 65 gold pieces at shops.

Inventory:

Hand Weapons
 a - a +0 shortbow (weapon)
Armour
 c - a +0 leather armour (worn)
Scrolls
 b - 2 scrolls of immolation
 f - 2 scrolls of identify
 h - 4 scrolls of teleportation
 i - a scroll of amnesia {unknown}
Potions
 d - a potion of degeneration {unknown}
 e - a potion of haste {unknown}
 g - a potion of resistance {unknown}


   Skills:
 + Level 4.2 Fighting
 + Level 5.4 Ranged Weapons
 - Level 2.1 Dodging
 - Level 0.7 Stealth


You had 3 spell levels left.
You didn't know any spells.
Your spell library was empty.

Dungeon Overview and Level Annotations

Branches:
Dungeon (2/15)

Altars:

Shops:
D:1 ?!:

Annotations:
D:2 Natasha


Innate Abilities, Weirdness & Mutations

You have a pair of horns on your head.
You reflexively headbutt those who attack you in melee.


Message History

Aim: a gnoll, wielding a +0 whip (heavily wounded, 68% to hit)
You shoot an arrow. The arrow hits the gnoll.
The gnoll is severely wounded.
The gnoll barely misses you.
Fire: a) +0 shortbow
Press: ? - help, Q - select action Shift-Dir - straight line, f/p - gnoll
Aim: a gnoll, wielding a +0 whip (severely wounded, 68% to hit)
You shoot an arrow. The arrow closely misses the gnoll.
The gnoll closely misses you. You furiously retaliate!
You headbutt the gnoll, but do no damage.
Fire: a) +0 shortbow
Press: ? - help, Q - select action Shift-Dir - straight line, f/p - gnoll
Aim: a gnoll, wielding a +0 whip (severely wounded, 68% to hit)
You shoot an arrow. The arrow barely misses the gnoll.
The gnoll misses you. The gnoll completely misses you.
Unknown command.
Fire: a) +0 shortbow
Press: ? - help, Q - select action Shift-Dir - straight line, f/p - gnoll
Aim: a gnoll, wielding a +0 whip (severely wounded, 68% to hit)
You shoot an arrow. The arrow barely misses the gnoll.
The gnoll hits you with a +0 whip.
* * * LOW HITPOINT WARNING * * *
Fire: a) +0 shortbow
Press: ? - help, Q - select action Shift-Dir - straight line, f/p - gnoll
Aim: a gnoll, wielding a +0 whip (severely wounded, 68% to hit)
You shoot an arrow. The arrow barely misses the gnoll.
The gnoll hits you with a +0 whip.
* * * LOW HITPOINT WARNING * * *
Fire: a) +0 shortbow
Press: ? - help, Q - select action Shift-Dir - straight line, f/p - gnoll
Aim: a gnoll, wielding a +0 whip (severely wounded, 68% to hit)
You shoot an arrow. The arrow barely misses the gnoll.
The gnoll hits you but does no damage.
Unknown command.
Fire: a) +0 shortbow
Press: ? - help, Q - select action Shift-Dir - straight line, f/p - gnoll
Aim: a gnoll, wielding a +0 whip (severely wounded, 68% to hit)
You shoot an arrow. The arrow closely misses the gnoll.
The gnoll hits you with a +0 whip!
You die...

#.. #. #.. .. ..
.. .. #.# #. ..
..# #.# #..
#.###). #<# #..
..... #.# #..
...#
###.####.####).#
#.......)...)g)#
#.#.####.....@.#
#.#.####..##.#.#
#.#.......##.#.#
#.#.#.###.##.#.#
#(#.#.# #.##.#.#
#.#.#.# #.##.#.#
#..#..# #.##.#..
# #.# #.......
##. .....#


You could see a gnoll.

Vanquished Creatures
  4 gnolls
  A worm (D:2)
  A dart slug (D:1)
  A ball python (D:1)
  3 endoplasms
  A giant cockroach (D:1)
  4 goblins
  5 hobgoblins
  3 jackals (D:1)
  4 quokkas (D:1)
  2 bats (D:1)
  A frilled lizard (D:1)
  4 kobolds
  A rat (D:2)
35 creatures vanquished.

Notes
Turn   | Place    | Note
-------+----------+-------------------------------------------
     0 | D:1      | safid the Minotaur Hunter began the quest for the Orb.
     0 | D:1      | Reached XP level 1. HP: 18/18 MP: 0/0
    14 | D:1      | Found Ukhelilo's Assorted Antiques.
   281 | D:1      | Reached XP level 2. HP: 26/26 MP: 1/1
   368 | D:1      | Found Ovas's Distillery.
   673 | D:1      | Reached XP level 3. HP: 24/31 MP: 2/2
   676 | D:1      | Reached skill level 5 in Ranged Weapons
   774 | D:1      | Found Porr's Magic Scroll Emporium.
  1168 | D:1      | Found Xysm's Book Boutique.
  1446 | D:1      | Bought a scroll of identify for 26 gold pieces
  1446 | D:1      | Bought a scroll of teleportation for 39 gold pieces
  1483 | D:2      | Noticed Natasha
  1704 | D:2      | Reached XP level 4. HP: 25/40 MP: 3/3
  1715 | D:2      | Slain by a gnoll

Illustrated notes

Levels and vault maps discovered:
D:1:      dreamdust_arrival_beginning_and_end, layout_basic, serial_shops,
          nicolae_shop_behind_doors, shop, nicolae_diamond_shop,
          nicolae_shop_hallway_plus, corexii_item_surrounded_by_moat,
          minmay_tromino_v4_c
D:2:      layout_loops_ring, uniq_natasha

Skill      XL: |  1  2  3 |
---------------+----------+-----
Fighting       | 3 4 |  4.2
Ranged Weapons | 5 |  5.4
Dodging        | |  2.1
Stealth        | |  0.7

Action                   |  1- 3 |  4- 6 || total
-------------------------+-------+-------++-------
 Fire: Shortbow          |   113 |    12 ||   125
Armor: Leather armour    |    20 |     2 ||    22
Dodge: Dodged            |    42 |     8 ||    50
